 Dungeon Crawl Stone Soup version 0.29.1-15-g9cfb28693d (webtiles) character file.

Game seed: 1457385171390416289

663 hawla the Firebug (level 8, -5/57 HPs)
             Began as a Meteoran Fire Elementalist on Mar 5, 2023.
             Was an Initiate of Vehumet.
             Slain by a two-headed ogre
             ... wielding a +0 giant club
              (23 damage)
             ... on level 8 of the Dungeon.
             The game lasted 00:06:02 (1540 turns).

hawla the Firebug (Meteoran Fire Elementalist)      Turns: 1540, Time: 00:06:03

Health: -5/57      AC:  2    Str: 10    XL:     8   Next: 12%
Magic:  12/18      EV: 13    Int: 19    God:    Vehumet [......]
Gold:   188        SH:  0    Dex: 14    Spells: 16/19 levels left

rFire   . . .      SeeInvis .   (no weapon)
rCold   . . .      Faith    .   (no shield)
rNeg    . . .      Spirit   .   a - +0 robe
rPois   .          Reflect  .   (no helmet)
rElec   .          Harm     .   (no cloak)
rCorr   .          Rampage  .   (no gloves)
Will    +....                   (no boots)
Stlth   +.........              (no amulet)
HPRegen 0.19/turn               (no ring)
MPRegen 0.16/turn               (no ring)

@: about to teleport, glowing
A: sense surroundings 1, otherworldly, glowing, explore regen
a: Renounce Religion


You were on level 8 of the Dungeon.
You worshipped Vehumet.
Vehumet was noncommittal.
You visited 2 branches of the dungeon, and saw 9 of its levels.

You collected 188 gold pieces.

Inventory:

Armour
 a - a +0 robe (worn)
Jewellery
 e - a +6 ring of strength
Wands
 l - a wand of digging (4)
Potions
 b - a potion of invisibility {unknown}
 d - 3 potions of curing {unknown}
 f - a potion of attraction {unknown}
 g - a potion of might
 h - 2 potions of haste {unknown}
 i - a potion of berserk rage {unknown}
 k - a potion of flight {unknown}
 m - a potion of degeneration {unknown}
 n - a potion of brilliance {unknown}


   Skills:
 + Level 3.4 Dodging
 - Level 1.4 Stealth
 + Level 6.0 Spellcasting
 + Level 3.8 Conjurations
 + Level 7.4 Fire Magic


You had 16 spell levels left.
You knew the following spells:

 Your Spells              Type           Power      Damage    Failure   Level
a - Foxfire               Conj/Fire      100%       2x1d9     1%          1
b - Scorch                Fire           68%        2d8       1%          2

Your spell library contained the following spells:

 Spells                   Type           Power      Damage    Failure   Level
 Conjure Flame            Conj/Fire      27%        6-21      3%          3
 Inner Flame              Hex/Fire       19%        N/A       8%          3
 Flame Wave               Conj/Fire      27%        2d9       11%         4


Dungeon Overview and Level Annotations

Branches:
Dungeon (8/15) Zot: 3527   Temple (1/1) D:4 Zot: 333
   Lair: D:8-11

Altars:
Ashenzari
Cheibriados
Dithmenos
Elyvilon
Gozag
Kikubaaqudgha
Sif Muna
Trog
Vehumet
Wu Jian
Yredelemnul

Annotations:
D:4 2 transporters, Seidenschwarz's ghost, amateur MiFi


Innate Abilities, Weirdness & Mutations

You passively map a small area around you.
You are easily found by Zot.
You glow in the dark.
You regain HP and MP as you explore.


Message History

Casting: Foxfire (safe; 1% risk of failure)
Confirm with . or Enter, or press ? or * to list all spells.
You conjure some foxfire!
An electric eel comes into view.
Casting: Foxfire (safe; 1% risk of failure)
Confirm with . or Enter, or press ? or * to list all spells.
Flames lash the two-headed ogre.
The two-headed ogre is moderately wounded.
The two-headed ogre's fire resistance burns away.
The foxfire hits the howler monkey.
The howler monkey is lightly wounded.
The foxfire hits the howler monkey!
The howler monkey is heavily wounded.
Casting: Scorch (safe; 1% risk of failure)
Confirm with . or Enter, or press ? or * to list all spells.
You conjure some foxfire!
The howler monkey hoots and howls with incredible vigour!
The foxfire hits the two-headed ogre!
The two-headed ogre is burned terribly!
The two-headed ogre is moderately wounded.
The electric eel shoots out a bolt of lightning at you!
The bolt of electricity hits the plant!
The plant begins to die.
The bolt of electricity hits you.
Casting: Foxfire (safe; 1% risk of failure)
Confirm with . or Enter, or press ? or * to list all spells.
You don't know that spell.
Casting: Foxfire (safe; 1% risk of failure)
Confirm with . or Enter, or press ? or * to list all spells.
You don't know that spell.
As you read the scroll labelled YMUME GITEW, it crumbles to dust.
It is a scroll of enchant weapon.
You aren't carrying any weapons that can be enchanted.
The foxfire hits the howler monkey.
The howler monkey is almost dead.
The howler monkey hits you.
The howler monkey hoots and howls with incredible vigour!
As you read the scroll of teleportation, it crumbles to dust.
You feel strangely unstable. The howler monkey hits you.
The two-headed ogre hits you with a +0 giant club!
The two-headed ogre hits you with a +0 dire flail!!
You die...

, ...,...## #.<
....# * ♣ ,#..
....# , ~P~
#..*....##.
~P~♣#..#>......
SP~~........# ~~
~~P~~..hO...# ,
~~~~~♣.@# * ~
~..P.P.§#########
* ,
........#.......#*
* , ,
................#*
*
...~~P~♣........#
,~,
~~P~P♣♣♣#.......#
,, , * ~ ~~~~♣~
#.......# ### ~
~~~~ ####.......#
#.., * ♣♣♣
...........# #.#*


You could see a two-headed ogre (combustible), a howler monkey (catching breath)
and an electric eel.

Vanquished Creatures
  Sigmund (D:4)
  A water moccasin (D:8)
  A centaur (D:8)
  A necrophage (D:4)
  An electric eel (D:8)
  A howler monkey (D:8)
  2 hounds (D:4)
  2 iguanas
  5 adders (D:6)
  A white imp (D:6)
  2 dart slugs
  2 ball pythons
  2 bats
  2 endoplasms
  2 giant cockroaches
  2 goblins (D:4)
  3 hobgoblins (D:4)
31 creatures vanquished.

Vanquished Creatures (collateral kills)
  A foxfire (D:8)
1 creature vanquished.

Vanquished Creatures (others)
  101 foxfires
  2 plants (D:8)
103 creatures vanquished.

Grand Total: 135 creatures vanquished

Notes
Turn   | Place    | Note
-------+----------+-------------------------------------------
     0 | D:1      | hawla the Meteoran Fire Elementalist began the quest for
                  | the Orb.
     0 | D:1      | Reached XP level 1. HP: 14/14 MP: 5/5
   121 | D:3      | Reached XP level 2. HP: 20/20 MP: 3/6
   130 | D:3      | Reached skill level 4 in Fire Magic
   198 | D:4      | Noticed Sigmund
   210 | D:4      | Killed Sigmund
   211 | D:4      | Reached skill level 5 in Fire Magic
   211 | D:4      | Reached XP level 3. HP: 17/26 MP: 3/9
   211 | D:4      | Reached XP level 4. HP: 22/33 MP: 3/11
   211 | D:4      | Reached XP level 5. HP: 25/38 MP: 3/12
   211 | D:4      | Reached XP level 6. HP: 30/45 MP: 3/13
   214 | D:4      | Learned a level 2 spell: Scorch
   221 | D:4      | Found a broken altar of Ashenzari.
   230 | D:4      | Reached skill level 6 in Fire Magic
   448 | D:4      | Found a staircase to the Ecumenical Temple.
   482 | Temple   | Entered the Ecumenical Temple
   711 | Temple   | Became a worshipper of Vehumet
   799 | D:4      | Found a transporter.
   809 | D:4      | Found a transporter.
   810 | D:4      | Noticed Seidenschwarz's ghost (amateur MiFi)
  1135 | D:5      | Entered Level 5 of the Dungeon
  1186 | D:6      | Reached XP level 7. HP: 50/50 MP: 12/15
  1271 | D:6      | Reached skill level 5 in Spellcasting
  1506 | D:8      | Noticed a water moccasin
  1510 | D:8      | Killed a water moccasin
  1511 | D:8      | Reached skill level 7 in Fire Magic
  1531 | D:8      | Reached XP level 8. HP: 39/57 MP: 14/18
  1534 | D:8      | Noticed a two-headed ogre
  1540 | D:8      | Slain by a two-headed ogre

Illustrated notes

Levels and vault maps discovered:
D:1:      roderic_dead_forest, layout_rooms,
          hellmonk_ecumenical_altar_pennies_from_heaven
D:2:      layout_loops_ring, minivault_11, hangedman_decor_slide_cut
D:3:      layout_loops_ring, mainiacjoe_overflow_two_lobes, serial_shops,
          nicolae_shop_stone
D:4:      layout_loops_ring, mainiacjoe_overflow_small_starburst,
          minmay_temple_entry_stoned_glass, gammafunk_ghost_mausoleum,
          uniq_sigmund
D:5:      layout_basic, grunt_temple_overflow_champion_of_chaos,
          nicolae_qazlal_style_of_elements, serial_co_window_serial,
          co_window_corner_a, co_window_paths_a, co_window_corner_a,
          co_window_paths_a, co_window_paths_a, co_window_broadway_b,
          co_window_paths_c, co_window_cross_4, co_window_unsneaky_path_b,
          co_window_unsneaky_path_d, co_window_paths_c, glass_columns_c,
          glass_columns_c, glass_columns_a
D:6:      layout_cave_pools, fedhas_ov_isle_minmay
D:7:      layout_loops_ring, tso_oasis_becter
D:8:      layout_loops_cross, zin_academy, okawaru_metal_pillars_1_2,
          serial_bayou, serial_bayou_pond_d, serial_bayou_pond_d,
          serial_bayou_ford_a
Temple:   jpeg_temple_alley_garden

Skill      XL: |  1  2  3  4  5  6  7 |
---------------+----------------------+-----
Fire Magic     | 5 6 7 |  7.4
Dodging        | 3 |  3.4
Spellcasting   | 4 6 |  6.0
Conjurations   | 2 3 |  3.8
Stealth        | |  1.4

Action                   |  1- 3 |  4- 6 |  7- 9 || total
-------------------------+-------+-------+-------++-------
Melee: Unarmed           |     1 |     2 |     5 ||     8
 Cast: Foxfire           |    20 |    19 |    23 ||    62
       Scorch            |       |     4 |    13 ||    17
  Use: Potion            |     1 |       |       ||     1
       Scroll            |       |     4 |     2 ||     6
Armor: Robe              |       |       |     3 ||     3
Dodge: Dodged            |     1 |     2 |     9 ||    12
